General information
- name: BNet
- type: Ladder team game (AT/RT)
- host: Battle.net
- saver: mYLIegeCyrus
map: Highperch
- players: 6
- length: 33:30
- speed: Fast
- version: 1.26 W3XP
- replay type:

» download(273 KB)
Players
team 1 (winner)
Mata. (
green | 88 APM | 2960 actions | 33:28)
4 Archmage
2 Summon Water Elemental
2 Brilliance Aura
» actions
| Assign group hotkey | 170 | |
| Basic commands | 27 | |
| Build / train | 71 | |
| ESC pressed | 11 | |
| Enter build submenu | 35 | |
| Enter hero's abilities submenu | 4 | |
| Right click | 1708 | |
| Select / deselect | 666 | |
| Select group hotkey | 141 | |
| Use ability | 127 | |
2960 total
» units
» upgrades
» buildings
| Altar of Kings | 2 | |
| Farm | 5 | |
| Lumber Mill | 2 | |
| Scout Tower | 21 | |
| Guard Tower | 35 | |
| Town Hall | 2 | |
| Arcane Tower | 5 | |
72 total
» build order
00:04 Altar of Kings
00:19 Farm
01:17 Farm
03:47 Lumber Mill
03:58 Scout Tower
04:11 Scout Tower
04:12 Scout Tower
04:22 Scout Tower
04:31 Guard Tower
04:31 Guard Tower
04:37 Lumber Mill
04:43 Guard Tower
04:43 Guard Tower
04:54 Scout Tower
04:54 Scout Tower
05:12 Scout Tower
05:13 Scout Tower
05:53 Guard Tower
05:53 Guard Tower
05:57 Scout Tower
05:58 Scout Tower
06:00 Scout Tower
06:12 Farm
06:12 Farm
06:13 Farm
06:37 Guard Tower
06:37 Guard Tower
06:38 Guard Tower
06:38 Guard Tower
06:38 Guard Tower
11:00 Altar of Kings
12:52 Town Hall
12:55 Scout Tower
12:58 Scout Tower
13:49 Guard Tower
13:50 Guard Tower
18:15 Guard Tower
18:15 Guard Tower
18:15 Guard Tower
18:16 Guard Tower
18:16 Guard Tower
18:18 Arcane Tower
18:24 Town Hall
24:40 Scout Tower
24:41 Scout Tower
24:42 Scout Tower
25:13 Guard Tower
25:14 Guard Tower
25:15 Guard Tower
25:16 Guard Tower
25:26 Scout Tower
25:27 Scout Tower
26:04 Guard Tower
26:04 Guard Tower
26:05 Guard Tower
26:05 Guard Tower
26:21 Guard Tower
26:21 Guard Tower
26:29 Scout Tower
26:41 Scout Tower
26:44 Scout Tower
26:57 Arcane Tower
26:57 Arcane Tower
» items
| Scroll of Regeneration | 1 | |
| Ivory Tower | 3 | |
| Staff of Teleportation | 1 | |
5 total
mYLIegeCyrus (
purple | 120 APM | 4020 actions | 33:30)
9 Archmage
3 Summon Water Elemental
3 Brilliance Aura
1 Mass Teleport
2 Blizzard
» actions
| Assign group hotkey | 309 | |
| Basic commands | 223 | |
| Build / train | 133 | |
| Enter build submenu | 59 | |
| Enter hero's abilities submenu | 9 | |
| Give item / drop item | 2 | |
| Remove unit from queue | 1 | |
| Right click | 1695 | |
| Select / deselect | 633 | |
| Select group hotkey | 768 | |
| Use ability | 188 | |
4020 total
» units
| Peasant | 30 | |
| Rifleman | 15 | |
| Sorceress | 9 | |
| Priest | 10 | |
64 total
» upgrades
| Masonry | 2 | |
| Long Rifles | 1 | |
| Gunpowder | 2 | |
| Armor | 2 | |
| Lumber Harvesting | 1 | |
| Sorceress Training | 1 | |
| Priest Training | 1 | |
| Magic Sentry | 1 | |
11 total
» buildings
| Altar of Kings | 1 | |
| Farm | 7 | |
| Lumber Mill | 1 | |
| Scout Tower | 38 | |
| Arcane Tower | 6 | |
| Guard Tower | 30 | |
| Arcane Vault | 2 | |
| Keep | 1 | |
| Barracks | 2 | |
| Blacksmith | 1 | |
| Arcane Sanctum | 1 | |
| Town Hall | 2 | |
92 total
» build order
00:04 Altar of Kings
00:12 Farm
00:27 Farm
01:19 Farm
02:44 Lumber Mill
02:47 Farm
03:51 Scout Tower
03:52 Scout Tower
04:01 Scout Tower
04:02 Scout Tower
04:16 Arcane Tower
04:17 Arcane Tower
04:46 Guard Tower
04:49 Scout Tower
04:50 Arcane Tower
04:53 Scout Tower
04:57 Scout Tower
04:57 Scout Tower
05:03 Guard Tower
05:18 Guard Tower
05:20 Arcane Vault
05:26 Guard Tower
05:33 Guard Tower
05:34 Scout Tower
05:34 Scout Tower
05:35 Scout Tower
05:36 Scout Tower
06:04 Guard Tower
06:27 Scout Tower
06:43 Guard Tower
06:44 Guard Tower
07:28 Arcane Tower
07:30 Keep
07:33 Scout Tower
07:33 Scout Tower
07:37 Guard Tower
07:51 Scout Tower
07:52 Scout Tower
08:39 Guard Tower
08:41 Scout Tower
08:46 Guard Tower
09:00 Scout Tower
09:01 Scout Tower
09:06 Guard Tower
09:30 Scout Tower
09:34 Guard Tower
09:35 Guard Tower
09:37 Barracks
09:46 Blacksmith
10:13 Guard Tower
10:25 Barracks
11:12 Guard Tower
11:59 Farm
12:01 Arcane Sanctum
12:38 Scout Tower
12:44 Farm
13:22 Guard Tower
13:23 Scout Tower
13:24 Scout Tower
13:52 Farm
13:56 Guard Tower
13:57 Arcane Vault
13:58 Scout Tower
15:07 Guard Tower
18:55 Town Hall
19:17 Scout Tower
20:02 Guard Tower
20:03 Scout Tower
20:30 Scout Tower
20:31 Scout Tower
21:01 Guard Tower
21:13 Guard Tower
21:39 Guard Tower
22:50 Town Hall
23:28 Scout Tower
24:09 Arcane Tower
24:11 Scout Tower
24:15 Scout Tower
24:16 Scout Tower
24:47 Guard Tower
24:57 Arcane Tower
25:10 Guard Tower
25:12 Scout Tower
25:13 Scout Tower
25:38 Scout Tower
25:49 Guard Tower
26:10 Guard Tower
26:11 Guard Tower
26:39 Scout Tower
27:09 Guard Tower
27:10 Scout Tower
28:08 Guard Tower
» items
| Scroll of Regeneration | 2 | |
| Scroll of Town Portal | 1 | |
| Tome of Retraining | 1 | |
| Staff of Teleportation | 1 | |
5 total
nutsonyochin.de (
pink | 128 APM | 4274 actions | 33:28)
5 Pandaren Brewmaster
3 Breath of Fire
1 Drunken Haze
1 Drunken Brawler
» actions
| Assign group hotkey | 32 | |
| Basic commands | 68 | |
| Build / train | 67 | |
| ESC pressed | 9 | |
| Enter build submenu | 46 | |
| Enter hero's abilities submenu | 5 | |
| Right click | 2467 | |
| Select / deselect | 349 | |
| Select group hotkey | 1077 | |
| Use ability | 154 | |
4274 total
» units
| Wisp | 22 | |
| Huntress | 7 | |
| Glaive Thrower | 2 | |
| Hippogryph | 8 | |
| Chimaera | 4 | |
| Druid of the Talon | 5 | |
48 total
» upgrades
| Strength of the Moon | 1 | |
| Ultravision | 1 | |
| Strength of the Wild | 2 | |
| Corrosive Breath | 1 | |
| Reinforced Hides | 1 | |
| Well Spring | 1 | |
| Druid of the Talon Training | 1 | |
8 total
» buildings
| Altar of Elders | 2 | |
| Moon Well | 8 | |
| Tree of Life | 14 | |
| Ancient of War | 9 | |
| Hunter's Hall | 2 | |
| Tree of Ages | 1 | |
| Ancient of Wind | 1 | |
| Tree of Eternity | 1 | |
| Chimaera Roost | 3 | |
| Ancient of Wonders | 1 | |
42 total
» build order
00:41 Altar of Elders
00:47 Moon Well
01:33 Tree of Life
02:26 Ancient of War
02:36 Ancient of War
02:37 Ancient of War
02:39 Moon Well
02:41 Hunter's Hall
02:59 Ancient of War
03:20 Ancient of War
03:28 Ancient of War
03:35 Ancient of War
03:43 Ancient of War
04:02 Ancient of War
04:46 Moon Well
07:26 Tree of Ages
10:20 Ancient of Wind
10:22 Altar of Elders
10:52 Moon Well
10:53 Moon Well
11:35 Moon Well
12:38 Tree of Eternity
14:41 Hunter's Hall
15:00 Chimaera Roost
15:01 Chimaera Roost
15:11 Chimaera Roost
15:23 Moon Well
15:24 Moon Well
18:15 Ancient of Wonders
19:11 Tree of Life
21:10 Tree of Life
21:13 Tree of Life
21:16 Tree of Life
21:31 Tree of Life
21:34 Tree of Life
21:40 Tree of Life
21:41 Tree of Life
21:45 Tree of Life
21:51 Tree of Life
22:16 Tree of Life
22:33 Tree of Life
22:40 Tree of Life
» items
| Scroll of Town Portal | 1 | |
| Staff of Teleportation | 1 | |
| Boots of Speed | 1 | |
3 total
team 2 (loser)

»
ErikCartman (
red | 81 APM | 2715 actions | 33:27)
4 Blademaster
2 Wind Walk
2 Critical Strike
4 Dark Ranger
2 Black Arrow
2 Silence
3 Tauren Chieftain
1 Endurance Aura
2 Shockwave
» actions
| Assign group hotkey | 131 | |
| Build / train | 63 | |
| Enter build submenu | 25 | |
| Enter hero's abilities submenu | 11 | |
| Give item / drop item | 1 | |
| Remove unit from queue | 5 | |
| Right click | 1371 | |
| Select / deselect | 495 | |
| Select group hotkey | 500 | |
| Use ability | 113 | |
2715 total
» units
| Peon | 7 | |
| Wind Rider | 7 | |
| Troll Batrider | 19 | |
33 total
» upgrades
| Envenomed Spears | 1 | |
| Ranged Weapons | 3 | |
| Liquid Fire | 1 | |
| Armor | 1 | |
| Reinforced Defenses | 1 | |
7 total
» buildings
| Altar of Storms | 1 | |
| Orc Burrow | 6 | |
| Voodoo Lounge | 1 | |
| War Mill | 1 | |
| Stronghold | 1 | |
| Watch Tower | 8 | |
| Beastiary | 3 | |
| Fortress | 1 | |
| Barracks | 2 | |
24 total
» build order
00:09 Altar of Storms
00:17 Orc Burrow
00:51 Voodoo Lounge
01:37 War Mill
02:18 Stronghold
02:36 Orc Burrow
03:09 Watch Tower
03:12 Watch Tower
04:31 Orc Burrow
05:01 Beastiary
05:27 Beastiary
05:37 Watch Tower
06:19 Beastiary
07:03 Orc Burrow
08:13 Fortress
09:35 Orc Burrow
09:55 Orc Burrow
11:43 Barracks
11:47 Barracks
31:31 Watch Tower
31:35 Watch Tower
31:41 Watch Tower
31:52 Watch Tower
31:59 Watch Tower
» items
| Healing Salve | 3 | |
| Lesser Clarity Potion | 1 | |
| Orb of Lightning | 1 | |
5 total

»
MrGarrison (
orange | 77 APM | 2354 actions | 30:23)
2 Priestess of the Moon
1 Searing Arrows
1 Trueshot Aura
1 Lich
1 Frost Nova
» actions
| Assign group hotkey | 9 | |
| Build / train | 20 | |
| Enter build submenu | 15 | |
| Enter hero's abilities submenu | 3 | |
| Give item / drop item | 4 | |
| Remove unit from queue | 9 | |
| Right click | 1762 | |
| Select / deselect | 437 | |
| Select group hotkey | 26 | |
| Use ability | 69 | |
2354 total
» units
» buildings
| Altar of Elders | 1 | |
| Moon Well | 3 | |
| Tree of Ages | 2 | |
| Ancient of War | 3 | |
| Tree of Life | 4 | |
13 total
» build order
00:09 Altar of Elders
00:18 Moon Well
02:11 Tree of Ages
03:03 Ancient of War
03:06 Ancient of War
06:00 Tree of Life
06:04 Moon Well
06:05 Moon Well
06:06 Ancient of War
06:34 Tree of Life
10:32 Tree of Life
14:17 Tree of Life

»
rapabOy (
yellow | 100 APM | 3255 actions | 32:32)
4 Death Knight
2 Death Coil
1 Unholy Aura
1 Death Pact
3 Pit Lord
2 Rain of Fire
1 Howl of Terror
3 Lich
2 Frost Nova
1 Frost Armor
» actions
| Build / train | 73 | |
| Enter build submenu | 22 | |
| Enter hero's abilities submenu | 10 | |
| Give item / drop item | 2 | |
| Remove unit from queue | 3 | |
| Right click | 2330 | |
| Select / deselect | 712 | |
| Use ability | 103 | |
3255 total
» units
| Acolyte | 5 | |
| Ghoul | 4 | |
| Crypt Fiend | 12 | |
| Obsidian Statue | 3 | |
| Frost Wyrm | 2 | |
| Gargoyle | 7 | |
33 total
» upgrades
| Burrow | 1 | |
| Creature Attack | 2 | |
| Creature Carapace | 2 | |
| Freezing Breath | 0 | |
| Web | 1 | |
6 total
» buildings
| Crypt | 2 | |
| Graveyard | 2 | |
| Ziggurat | 7 | |
| Altar of Darkness | 1 | |
| Tomb of Relics | 1 | |
| Nerubian Tower | 1 | |
| Halls of the Dead | 7 | |
| Spirit Tower | 2 | |
| Black Citadel | 1 | |
| Slaughterhouse | 1 | |
| Sacrificial Pit | 1 | |
| Boneyard | 2 | |
28 total
» build order
00:19 Crypt
00:25 Graveyard
00:31 Graveyard
00:41 Ziggurat
00:55 Altar of Darkness
01:36 Ziggurat
01:50 Tomb of Relics
02:00 Nerubian Tower
02:25 Halls of the Dead
02:26 Halls of the Dead
02:26 Halls of the Dead
02:26 Halls of the Dead
04:25 Spirit Tower
04:28 Ziggurat
04:38 Ziggurat
05:25 Spirit Tower
07:54 Black Citadel
08:33 Slaughterhouse
10:35 Sacrificial Pit
12:39 Boneyard
13:39 Boneyard
14:07 Ziggurat
14:11 Ziggurat
18:41 Crypt
22:00 Ziggurat
» items
| Rod of Necromancy | 1 | |
| Dust of Appearance | 1 | |
| Orb of Corruption | 1 | |
| Potion of Healing | 3 | |
| Scroll of Town Portal | 2 | |
8 total
Chat log
(30:08 / All) mYLIegeCyrus: Nice tr
(30:27 / All) nutsonyochin.de: bye
(32:49 / All) nutsonyochin.de: good upgeade